AoeStats
← Moul_Thon

Arena

509947870Analyzed
2v2 RM · 5d ago on Sep 28, 2026· 46m 9s· 4 players
Game mode
Random Map
Map size
Medium (4 player)
Population
200
Speed
Normal
Resources
Standard
Victory
Conquest
Starting age
Dark Age
Ending age
Imperial Age
RankedLock teamsTeams togetherTeam positionsShared explorationLock speedFull tech treeHidden civsTurbo modeCheats
Victory
Defeat
🇫🇮 Teutons · Finland
1277
+16
🇫🇮 Saracens · Finland
1276
+16
🇲🇦 Celts · Morocco
1288
-16
🇪🇸 Britons · Spain
1269
-16
Krastar
7:14 Loom
9:58 Feudal Age
8:16 Loom
14:26 Stone Mining
14:49 Fletching
18:05 Castle Age
18:09 Double-Bit Axe
27:00 Bodkin Arrow
27:12 Horse Collar
31:01 Wheelbarrow
30:11 Town Watch
30:57 Bow Saw
31:36 Gold Mining
33:23 Heavy Plow
33:30 Heavy Plow
37:36 Imperial Age
35:35 Town Watch
36:52 Hand Cart
37:00 Ballistics
38:45 Conscription
38:21 Stone Mining
38:59 Bracer
39:00 Padded Archer Armor
40:04 Chemistry
38:50 Crossbowman
40:51 Two-Man Saw
39:23 Arbalester
41:03 Gold Shaft Mining
41:10 Leather Archer Armor
45:01 Yeomen
Moul_Thon
11:57 Feudal Age
16:14 Castle Age
14:10 Double-Bit Axe
14:33 Horse Collar
19:08 Scale Mail Armor
22:42 Forging
24:07 Town Watch
30:02 Padded Archer Armor
30:44 Elite Skirmisher
31:39 Fletching
33:53 Wheelbarrow
36:37 Leather Archer Armor
36:18 Bodkin Arrow
Laxsus
8:56 Feudal Age
10:03 Loom
12:47 Castle Age
20:31 Wheelbarrow
31:12 Double-Bit Axe
36:13 Imperial Age
34:06 Husbandry
35:10 Forging
36:43 Iron Casting
38:32 Bloodlines
40:11 Scale Barding Armor
42:03 Chain Barding Armor
42:34 Horse Collar
44:17 Plate Barding Armor
45:52 Blast Furnace
boxser25
6:33 Loom
8:59 Feudal Age
10:25 Fletching
27:25 Castle Age
25:50 Double-Bit Axe
26:45 Bloodlines
26:50 Scale Barding Armor
28:03 Bodkin Arrow
28:18 Forging
39:33 Guard Tower
39:55 Masonry
43:20 Imperial Age
40:47 Horse Collar
42:37 Ballistics
42:56 Wheelbarrow
42:07 Town Watch
42:45 Chain Barding Armor
44:44 Plate Barding Armor
44:46 Keep
43:49 Cavalier
45:13 Iron Casting
Connection lost

Rejoining the realm…

Still unreachable

The connection could not be restored.

Session expired

The server has moved on; the page needs a fresh start.